 Seeded DCSS version 0.27.1-3-gb3d3a73c9e (webtiles) character file.

Game seed: 20211021 (custom seed)

9 jessy the Skirmisher (level 2, -1/32 HPs)
             Began as an Ogre Berserker on Oct 21, 2021.
             Was a Follower of Trog.
             Killed from afar by Sigmund (8 damage)
             ... with a puff of flame
             ... on level 1 of the Dungeon.
             The game lasted 00:03:01 (400 turns).

jessy the Skirmisher (Ogre Berserker)                Turns: 400, Time: 00:03:01

Health: -1/32      AC:  4    Str: 20    XL:     2   Next: 12%
Magic:  2/2        EV: 10    Int:  8    God:    Trog [*.....]
Gold:   6          SH:  5    Dex:  8    Spells: 1/1 levels left

rFire    . . .     SeeInvis .   a - +0 hand axe
rCold    . . .     Faith    .   (no shield)
rNeg     . . .     Spirit   .   b - +0 animal skin
rPois    .         Reflect  +   (helmet restricted)
rElec    .         Harm     .   e - +0 cloak
rCorr    .         Rampage  .   (gloves unavailable)
Will     .....                  (boots unavailable)
Stlth    +.........             c - amulet of reflection
HPRegen  0.10/turn              (no ring)
MPRegen  0.08/turn              (no ring)

@: no status effects
A: large, unfitting armour, tough skin 1
a: Renounce Religion, Berserk


You were on level 1 of the Dungeon.
You worshipped Trog.
Trog was aware of your devotion.
You visited 1 branch of the dungeon, and saw 2 of its levels.

You collected 6 gold pieces.

Inventory:

Hand Weapons
 a - a +0 hand axe (weapon)
 g - a +0 whip
Missiles
 h - 21 stones (quivered)
Armour
 b - a +0 animal skin (worn)
 e - a +0 cloak (worn)
 f - a +0 leather armour
 j - a +0 ring mail
Jewellery
 c - an amulet of reflection (around neck)
Scrolls
 d - a scroll of amnesia {unknown}
 i - a scroll of identify {unknown}
Potions
 k - a potion of attraction {unknown}


   Skills:
 + Level 4.2 Fighting
 + Level 3.2 Axes
 + Level 2.8 Dodging
 + Level 0.2 Shields


You had one spell level left.
You didn't know any spells.
Your spell library was empty.

Dungeon Overview and Level Annotations

Branches:
Dungeon (2/15)

Altars:

Annotations:
D:1 Sigmund


Innate Abilities, Weirdness & Mutations

You are too large for most types of armour.
You have tough skin. (AC +1)


Message History

You're too confused to move!
You feel less confused. Sigmund closely misses you.
You closely miss Sigmund. Sigmund hits you with a +0 scythe!
Sigmund gestures at you while chanting.
You are confused.
You barely miss Sigmund. Sigmund casts a spell at you.
You are more confused.
You're too confused to move!
Sigmund laughs darkly.
Sigmund barely misses you.
You closely miss Sigmund. Sigmund misses you.
Sigmund gestures at you while chanting. The magic dart hits you!
Sigmund hits you with a +0 scythe!
* * * LOW HITPOINT WARNING * * *
Sigmund closely misses you. Sigmund asks, "Do you like me?"
Sigmund closely misses you.
You barely miss Sigmund. Sigmund barely misses you. Sigmund misses you.
You feel less confused. Sigmund casts a spell at you.
You are confused.
Sigmund hits you but does no damage. Sigmund casts a spell at you.
You resist with significant effort.
Sigmund mumbles some strange words.
Sigmund flickers and vanishes!
Deactivating autopickup; reactivate with Ctrl-A.
Something hits you.
* * * LOW HITPOINT WARNING * * *
You're too confused to move!
You feel less confused. Something hits you but does no damage.
A puff of flame appears from out of thin air!
The puff of flame hits you!
You die...

#≈≈≈..<.≈≈≈# #................
##≈≈≈≈≈≈≈≈####....>...........
############.................
#............#.....
#...#.........##.....
#..###......######.... ...
#......# ..... #..####......#
..... #.....@..{...#
#######......# ########


There were no monsters in sight!

Vanquished Creatures
  A ball python (D:1)
  A bat (D:1)
  A giant cockroach (D:1)
  2 hobgoblins (D:1)
  A kobold (D:1)
  A frilled lizard (D:1)
7 creatures vanquished.

Notes
Turn   | Place    | Note
-------+----------+-------------------------------------------
     0 | D:1      | jessy the Ogre Berserker began the quest for the Orb.
     0 | D:1      | Reached XP level 1. HP: 24/24 MP: 1/1
   285 | D:1      | Reached XP level 2. HP: 32/32 MP: 2/2
   359 | D:2      | Noticed Sigmund
   400 | D:1      | Killed from afar by Sigmund

Illustrated notes

Levels and vault maps discovered:
D:1:      denvon_arrival_waterhouse, layout_rooms, serial_shops, shop_statue,
          minmay_misc_feat_roman
D:2:      layout_loops_ring, hellmonk_ecumenical_altar_lost_god,
          serial_bayou_lagoon_a, uniq_sigmund

Action                   || total
-------------------------++-------
Melee: Hand axe          ||    33
Armor: Animal skin       ||    29
Dodge: Dodged            ||    45
Block: Other             ||    19
